 Dungeon Crawl Stone Soup version 0.24.0-10-g970556be89 (webtiles) character file.

Game seed: 18302041716530205700, levelgen mode: deterministic

146587 zkyp the Warrior (level 18, -2/112 HPs)
             Began as a Kobold Chaos Knight on Nov 3, 2019.
             Was a Plaything of Xom.
             Killed from afar by a thorn hunter (29 damage)
             ... with a volley of thorns
             ... on level 4 of the Swamp.
             The game lasted 01:13:13 (33359 turns).

zkyp the Warrior (Kobold Chaos Knight)             Turns: 33359, Time: 01:13:14

Health: -2/112     AC: 29    Str: 16    XL:     18   Next: 7%
Magic:  27/27      EV: 25    Int: 14    God:    Xom [..*...]
Gold:   629        SH:  9    Dex: 22    Spells: 17/17 levels left

rFire    + . .     SeeInvis .   a - +6 rapier of Valour {vamp, MR++}
rCold    + . .     Gourm    .   D - +2 buckler
rNeg     + . .     Faith    .   i - +7 pearl dragon scales
rPois    .         Spirit   .   H - +3 hat of the Lotus Blossom {rF+}
rElec    .         Reflect  .   d - scarf {cloud immunity}
rCorr    +         Harm     .   h - +0 pair of gloves {Dex+3}
MR       ++++.                  A - +0 pair of boots
Stlth    +.........             y - amulet of regeneration
HPRegen  0.68/turn              z - ring of protection from cold
MPRegen  0.20/turn              Q - ring of resist corrosion

@: lethally poisoned (-2 -> -6), about to teleport, very slightly contaminated
A: small, claws 1, thin skeletal structure 1, agile 1, carnivore, frail 1, high
mp 1, magic resistance 1
a: Renounce Religion


You were on level 4 of the Swamp.
You worshipped Xom.
You were a toy of Xom.
You were full.

You visited 4 branches of the dungeon, and saw 27 of its levels.
You also visited: Sewer and Volcano.

You collected 2749 gold pieces.
You spent 2120 gold pieces at shops.

Inventory:

Hand Weapons
 a - the +6 rapier of Valour (weapon) {vamp, MR++}
   (You bought it in a shop on level 2 of the Orcish Mines)

   It inflicts no extra harm, but heals its wielder when it wounds a living foe.
   It affects your resistance to hostile enchantments.
 b - the +0 quick blade of the Egg {flame, rPois}
   (You acquired it on level 11 of the Dungeon)

   It has been specially enchanted to burn those struck by it, causing extra
   injury to most foes and up to half again as much damage against particularly
   susceptible opponents.
   It protects you from poison.
 r - a +3 scimitar of flaming
Missiles
 g - 4 throwing nets {=f =F}
 p - 11 curare-tipped darts (quivered)
 C - 2 boomerangs of dispersal
Armour
 d - a scarf of cloud immunity (worn)
 h - a +0 pair of gloves of dexterity (worn)
 i - +7 pearl dragon scales (worn)
 A - a +0 pair of boots (worn)
 D - a +2 buckler (worn)
 G - the +1 helmet of Somewhere Else {rC+++ Str-4 SInv}
   (You found it on level 8 of the Dungeon)

   It affects your strength (-4).
   It renders you almost immune to cold.
   It lets you see invisible.
 H - the +3 hat of the Lotus Blossom (worn) {rF+}
   (You found it on level 8 of the Dungeon)

   It protects you from fire.
 K - a +2 cloak
 P - the cursed +0 buckler of Ryen {rN++ rCorr Dex-4}
   (You took it off a wight on level 9 of the Dungeon)

   It affects your dexterity (-4).
   It greatly protects you from negative energy.
   It provides partial protection from all sources of acid and corrosion.
   It has a curse placed upon it.
Jewellery
 y - an amulet of regeneration (around neck)
 z - a ring of protection from cold (left hand)
 J - an uncursed ring of positive energy
 Q - a ring of resist corrosion (right hand)
 T - an uncursed ring of fire
Wands
 n - a wand of iceblast (5)
 q - a wand of flame (12)
 s - a wand of paralysis (5)
 F - a wand of disintegration (11)
 I - a wand of acid (2)
Scrolls
 m - 3 scrolls of holy word
 o - 9 scrolls of remove curse {@r1}
 t - 6 scrolls of teleportation
 v - 3 scrolls of fog
 M - 2 scrolls of fear
 R - 3 scrolls of identify {@r2}
 S - 2 scrolls of enchant weapon
 V - 3 scrolls of blinking
 W - 2 scrolls of magic mapping
 X - a scroll of summoning
Potions
 e - 4 potions of flight
 f - 6 potions of agility
 j - 4 potions of mutation {!q}
 k - 3 potions of haste
 l - 4 potions of cancellation
 u - a potion of magic
 w - 2 potions of might
 E - 2 potions of lignification
 L - a potion of resistance
 N - a potion of invisibility
 O - 5 potions of heal wounds
 U - a potion of ambrosia
 Y - 4 potions of berserk rage {!q}
 Z - 3 potions of curing {@q1}
Miscellaneous
 B - a fan of gales
Comestibles
 c - 38 rations


   Skills:
 + Level 18.2 Fighting
 - Level 13.6 Short Blades
 - Level 13.6 Armour
 - Level 16.2 Dodging
 - Level 5.6 Shields
 - Level 9.0 Evocations


You had 17 spell levels left.
You didn't know any spells.
Your spell library contained the following spells:

 Spells                   Type           Power        Failure   Level  Hunger
 Apportation              Tloc           #.....       65%         1    ##.....
 Corona                   Hex            #......      65%         1    ##.....
 Magic Dart               Conj           #...         65%         1    ##.....
 Summon Butterflies       Summ           #.......     65%         1    ##.....
 Blink                    Tloc           N/A          80%         2    ###....
 Call Imp                 Summ           #.......     80%         2    ###....
 Poisonous Vapours        Pois/Air       #.....       80%         2    ###....
 Slow                     Hex            #.......     80%         2    ###....
 Conjure Flame            Conj/Fire      #.......     95%         3    ####...
 Inner Flame              Hex/Fire       #.......     95%         3    ####...
 Lesser Beckoning         Tloc           #.........   95%         3    ####...
 Mephitic Cloud           Conj/Pois/Air  #.......     95%         3    ####...
 Portal Projectile        Hex/Tloc       #.....       95%         3    ####...
 Tukima's Dance           Hex            #.......     95%         3    ####...
 Cause Fear               Hex            #.........   100%        4    #####..
 Leda's Liquefaction      Hex/Erth       #.........   100%        4    #####..
 Summon Lightning Spire   Summ/Air       #.......     100%        4    #####..
 Alistair's Intoxication  Tmut/Pois      #.......     100%        5    ######.
 Silence                  Hex/Air        #.........   100%        5    ######.
 Conjure Ball Lightning   Conj/Air       #.........   100%        6    #######
 Deflect Missiles         Chrm/Air       #.........   100%        6    #######
 Freezing Cloud           Conj/Ice/Air   #.........   100%        6    #######
 Invisibility             Hex            #.......     100%        6    #######
 Ring of Flames           Chrm/Fire      #.........   100%        7    #######
 Tornado                  Air            #.........   100%        9    #######


Dungeon Overview and Level Annotations

Branches:
Dungeon (15/15)            Temple (0/1) D:6            Lair (6/6) D:8
  Swamp (4/4) Lair:3       Spider (0/4) Lair:3        Slime (0/5) Lair:6
    Orc (2/2) D:10            Elf (0/3) Orc:2        Vaults (0/5) D:13
 Depths (0/5) D:15          Sewer (visited)         Volcano (visited)

Altars:
Ashenzari
Cheibriados
Dithmenos
Fedhas
Gozag
Kikubaaqudgha
Okawaru
Sif Muna
Xom
Beogh
Jiyva

Shops:
D:9 [   D:11 [   Orc:1 *   Orc:2 ?!(?}(

Annotations:
D:8 rgaf's ghost, novice GrNe
D:9 rgaf's ghost, novice GrNe
Lair:3 3 runed translucent doors, Befuwnopp's ghost, journeyman TrHu; Huasawuy's ghost, journeyman TrWz
Lair:6 exclusion: 5 oklob plants
Swamp:4 Nikola


Innate Abilities, Weirdness & Mutations

You are small and have problems with some larger weapons.
You are carnivorous and can eat meat at any time.
You have sharp fingernails.
You have a somewhat thin skeletal structure. (Dex +2, Stealth)
You are agile. (Dex +2)
You are frail. (-10% HP)
You have an increased reservoir of magic. (+10% MP)
You are resistant to hostile enchantments. (MR+)


Message History

The insubstantial wisp hits you but does no damage.
You hit the slime creature.
You feel better.
The slime creature is moderately wounded.
You block the thorn hunter's attack. The thorn hunter barely misses you.
The insubstantial wisp blinks!
The spriggan rider closely misses you.
You hit the slime creature.
The slime creature is moderately wounded.
The briar patch crumbles away. x2
The thorn hunter fires a volley of thorns at you.
The volley of thorns misses you. The spiny frog stings you!
You are poisoned.
The spiny frog poisons you!
The spriggan rider hits you from afar with a +0 spear!
* * * LOW HITPOINT WARNING * * *
You block the slime creature's attack. You block the swamp dragon's attack. x2
The swamp dragon completely misses you.
The thorn hunter fires a volley of thorns at you.
The volley of thorns hits you!!
You die...
Xom is highly amused!

.≈≈≈..≈...≈..≈♣≈≈ ,.≈≈≈≈≈≈...≈.≈≈
..≈...≈...P.♣≈≈≈≈,,≈.≈≈≈≈≈≈≈≈≈≈≈♣
.. D ,.P≈.≈≈.≈ *..≈≈≈≈≈≈≈?♣♣†. ≈.
D ≈ .P≈.≈..§,♣♣.≈≈≈≈≈≈.≈♣♣[J .≈ ≈
.PP.≈,..♣♣..≈≈≈≈J.♣♣♣≈[J .≈ ≈
.vP.v.*♣$≈≈..≈≈≈≈.≈♣≈≈≈≈ ≈.
,≈PP..i♣♣JJ≈..≈≈≈≈.♣♣.≈≈. ≈≈ k
♣♣P..≈v♣Di..♣♣...♣*♣.≈≈. ,,*
♣PP≈v.F@J§.♣♣♣♣♣♣♣♣♣.._.
*§PP..≈vff≈.†..≈.≈≈D≈≈/≈. ,
♣P♣§...♣.(††.≈≈.≈.≈≈≈.≈≈ k ≈ ,*
♣...♣♣....≈≈≈....§..≈P *
♣≈$.*♣♣≈♣♣≈≈≈≈≈♣≈..≈≈≈ , ,≈*♣♣.♣*
♣♣♣♣♣≈≈≈.≈♣...≈≈ w * ** ♣♣*
♣≈≈≈≈≈..≈≈≈. ** ♣.|.≈.≈≈≈≈≈.
♣.§♣♣≈≈≈≈≈≈≈


You could see 2 thorn hunters, a swamp dragon, a large slime creature, 2 slime
creatures, 2 spriggan riders, a spatial vortex, a spiny frog and 4 insubstantial
wisps.

Vanquished Creatures
  Jorgrun (D:12)
  2 thorn hunters (Swamp:4)
  Frances (D:14)
  Donald (Orc:2)
  An orc warlord (D:15)
  Aizul (Swamp:1)
  A very ugly thing (D:8)
  A stone giant (Orc:1)
  Azrael (Orc:2)
  A merfolk javelineer (D:15)
  Harold (D:7)
  A great orb of eyes (Lair:6)
  22 hydras
  2 rakshasas (D:15)
  A shambling mangrove (Swamp:3)
  2 vault guards (D:13)
  A satyr (Lair:2)
  A ghost crab (Swamp:4)
  3 tengu warriors
  9 alligators
  4 centaur warriors
  A catoblepas (D:14)
  4 two-headed ogres
  3 orc high priests (Orc:2)
  A dancing weapon (D:15)
  A fire crab (Lair:5)
  5 unseen horrors
  2 glowing orange brains
  11 swamp dragons (Swamp:4)
  6 skeletal warriors
  2 spriggan druids
  A necromancer (D:13)
  An anaconda skeleton (Volcano)
  6 orc knights
  2 orc sorcerers
  4 cyclopes
  3 manticores
  16 ugly things
  3 black mambas (Lair:6)
  8 elephants
  A torpor snail (Lair:3)
  An eye of devastation (Lair:6)
  4 gargoyles
  5 orange demons (D:12)
  A kobold demonologist (D:15)
  5 rime drakes
  6 komodo dragons
  18 spiny frogs
  A yaktaur (D:15)
  An efreet (D:15)
  A yaktaur (shapeshifter) (D:13)
  3 tengu conjurers
  A troll (shapeshifter) (D:7)
  3 red devils (D:12)
  A polar bear (shapeshifter) (D:15)
  6 jumping spiders
  3 meliai (D:13)
  9 trolls
  9 tyrant leeches
  A harpy skeleton (Volcano)
  7 blink frogs
  13 hippogriffs
  6 bog bodies
  6 hornets
  12 slime creatures
  8 dream sheep
  45 yaks
  3 flying skulls (Volcano)
  4 shadows
  A wraith (D:15)
  6 spriggans
  A tarantella (shapeshifter) (D:15)
  A vampire (D:15)
  An alligator skeleton (Volcano)
  3 redbacks
  4 basilisks
  4 fire elementals (Orc:2)
  Grum (D:10)
  4 wyverns
  19 humans (D:13)
  2 hungry ghosts
  9 vampire mosquitoes
  2 soldier ants
  17 insubstantial wisps
  9 swamp worms
  3 acid dragons (Lair:6)
  6 wargs
  9 water moccasins
  3 hell hounds (Orc:2)
  The ghost of Inarius the Ducker, an amateur FeFi of Jiyva (D:5)
  7 porcupines
  20 orc warriors
  12 swamp drakes
  5 ice beasts
  A black bear (shapeshifter) (D:15)
  An eye of draining (Lair:6)
  5 sky beasts
  4 black bears
  2 slaves (D:7)
  3 phantoms
  2 necrophages
  5 ogres
  12 wolves
  5 centaurs
  17 crocodiles
  8 big kobolds
  19 bullfrogs
  6 scorpions
  3 killer bees (D:9)
  14 wights
  2 electric eels (Lair:3)
  7 crimson imps
  6 centaur zombies
  7 jellies
  A quasit (D:10)
  A bullfrog zombie (D:5)
  8 hounds
  A jelly (shapeshifter) (D:4)
  16 orc wizards
  A bullfrog skeleton (D:8)
  5 centaur skeletons
  12 orc priests
  15 worker ants
  6 iguanas
  A killer bee zombie (D:9)
  2 naga skeletons (Volcano)
  A hound zombie (D:6)
  A hound skeleton (D:4)
  3 worker ant zombies
  15 gnolls
  2 river rats
  9 adders
  A shadow imp (D:13)
  5 oozes
  3 dart slugs (D:3)
  8 worms
  6 leopard geckos
  70 orcs
  5 bats
  10 giant cockroaches
  13 goblins
  7 hobgoblins
  5 jackals (D:3)
  21 kobolds
  5 quokkas
  4 ball pythons
  10 frilled lizards
  A jackal skeleton (D:7)
  A leopard gecko zombie (D:7)
  9 rats
  2 briar patches (Swamp:4)
  A fungus (Lair:2)
888 creatures vanquished.

Vanquished Creatures (collateral kills)
  The ghost of MuffinSoup the Devastator, a journeyman OpWz of Vehumet (D:15)
  A deep elf knight (D:15)
  A skeletal warrior (D:15)
  A swamp dragon (Lair:6)
  An orc sorcerer (Orc:2)
  2 ugly things (D:15)
  Prince Ribbit (D:7)
  A hippogriff (D:7)
  A human (D:13)
  3 yaks (Lair:2)
  A crocodile (Lair:2)
  A centaur zombie (D:7)
  2 orc priests (Orc:2)
  3 orcs (Orc:2)
20 creatures vanquished.

Vanquished Creatures (others)
  A hydra (Swamp:3)
  A centaur warrior (D:15)
  An alligator (Swamp:4)
  2 spriggans
  A spriggan druid (Swamp:3)
  A rime drake (Swamp:4)
  2 hornets
  A bog body (Swamp:3)
  A troll (D:14)
  A slime creature (Swamp:3)
  A tyrant leech (Swamp:4)
  5 dream sheep (D:3)
  2 yaks (Lair:6)
  3 vampire mosquitoes
  A swamp worm (Swamp:3)
  An orc warrior (Orc:2)
  2 swamp drakes (Swamp:3)
  An orc wizard (D:14)
  3 orcs
  A kobold (D:2)
  11 briar patches (Swamp:4)
  8 fungi
  15 plants
66 creatures vanquished.

Grand Total: 974 creatures vanquished

Notes
Turn   | Place    | Note
-------+----------+-------------------------------------------
     0 | D:1      | zkyp the Kobold Chaos Knight began the quest for the Orb.
     0 | D:1      | Reached XP level 1. HP: 14/14 MP: 1/1
   105 | D:1      | Reached XP level 2. HP: 19/19 MP: 2/2
   813 | D:2      | XOM: harmless Chrm miscast
   815 | D:2      | Reached XP level 3. HP: 23/23 MP: 3/3
  1052 | D:2      | Reached skill level 5 in Short Blades
  1103 | D:2      | Found a shadowy altar of Dithmenos.
  1156 | D:2      | XOM: cast spell 'Call Canine Familiar'
  1162 | D:2      | Reached skill level 1 in Armour
  1338 | D:2      | XOM: polymorph quokka -> frilled lizard
  1404 | D:2      | XOM: medium Tmut miscast
  1442 | D:2      | Found a shimmering blue altar of Sif Muna.
  1462 | D:2      | Reached XP level 4. HP: 29/29 MP: 4/4
  1477 | D:2      | XOM: harmless Summ miscast
  1788 | D:2      | XOM: harmless Chrm miscast
  1859 | D:2      | XOM: summons 2 hostile demons
  2315 | D:3      | Reached XP level 5. HP: 31/33 MP: 5/5
  2322 | D:2      | Reached skill level 4 in Fighting
  2469 | D:3      | Found a blossoming altar of Fedhas.
  2470 | D:3      | Found an ancient bone altar of Kikubaaqudgha.
  2602 | D:3      | XOM: harmless Tloc miscast
  2669 | D:3      | Reached XP level 6. HP: 35/38 MP: 6/6
  3013 | D:2      | XOM: mild Necr miscast
  3189 | D:3      | XOM: divination: detect items
  3216 | D:3      | Noticed a dream sheep
  3216 | D:3      | Noticed a dream sheep
  3216 | D:3      | Noticed a dream sheep
  3216 | D:3      | Noticed a dream sheep
  3216 | D:3      | Noticed a dream sheep
  3216 | D:3      | Found a shimmering altar of Xom.
  3220 | D:3      | Killed a dream sheep
  3220 | D:3      | Killed a dream sheep
  3221 | D:3      | Killed a dream sheep
  3221 | D:3      | Killed a dream sheep
  3222 | D:3      | Killed a dream sheep
  3246 | D:3      | Found an opulent altar of Gozag.
  3447 | D:4      | Noticed a phantom
  3455 | D:3      | XOM: confuse monster(s)
  3463 | D:3      | XOM: harmless Tmut miscast
  3587 | D:4      | Killed a phantom
  3634 | D:4      | Noticed an ogre
  3643 | D:4      | XOM: blink monster(s)
  3645 | D:4      | XOM: cleaving
  3647 | D:4      | Killed an ogre
  3647 | D:4      | Reached XP level 7. HP: 19/44 MP: 7/7
  3704 | D:4      | XOM: give mutations
  3704 | D:4      | Gained mutation: You possess an exceptional clarity of
                  | mind. [Xom's mischief]
  3704 | D:4      | Gained mutation: You occasionally shout uncontrollably at
                  | your foes. [Xom's mischief]
  3704 | D:4      | Gained mutation: Your body sometimes deteriorates upon
                  | taking damage. [Xom's mischief]
  3797 | D:4      | Noticed a glowing shapeshifter
  3797 | D:4      | an adder changed into a glowing shapeshifter
  3797 | D:4      | Noticed a dream sheep
  3797 | D:4      | a glowing shapeshifter changed into a dream sheep
  3798 | D:4      | Noticed a swamp dragon
  3798 | D:4      | a dream sheep changed into a swamp dragon
  3803 | D:4      | Noticed a glowing shapeshifter
  3803 | D:4      | a swamp dragon changed into a glowing shapeshifter
  3804 | D:4      | a glowing shapeshifter changed into a floating eye
  3807 | D:4      | Paralysed by a floating eye for 3 turns
  3809 | D:4      | Noticed a merfolk
  3809 | D:4      | a floating eye changed into a merfolk
  3810 | D:4      | Noticed a deep troll
  3810 | D:4      | a merfolk changed into a deep troll
  4119 | D:4      | Found a glowing drain.
  4126 | Sewer    | Entered a sewer
  4304 | Sewer    | XOM: medium Ice miscast
  4356 | Sewer    | XOM: give mutation
  4356 | Sewer    | Gained mutation: You are clumsy. (Dex -2) [Xom's mischief]
  4431 | Sewer    | XOM: torment (20/44 hp)
  4739 | Sewer    | XOM: draining
  4746 | Sewer    | Reached skill level 5 in Fighting
  4759 | Sewer    | Reached skill level 5 in Dodging
  4759 | Sewer    | Reached XP level 8. HP: 45/49 MP: 8/8
  4974 | D:4      | Noticed a blink frog
  4975 | D:4      | a blink frog changed into a sky beast
  5020 | D:5      | Entered Level 5 of the Dungeon
  5024 | D:4      | XOM: repel stairs
  5075 | D:5      | XOM: summons friendly iron imp
  5159 | D:5      | XOM: enchant monster (bad)
  5160 | D:5      | Paralysed by something for 7 turns
  5179 | D:4      | XOM: fake destruction
  5186 | D:4      | XOM: harmless Summ miscast
  5740 | D:5      | XOM: cleaving
  6119 | D:5      | Paralysed by an orc for 2 turns
  6141 | D:5      | XOM: 2-stop teleportation journey
  6229 | D:5      | Found a large runed translucent door.
  6229 | D:5      | Found a large runed translucent door.
  6233 | D:5      | Noticed Inarius's ghost (amateur FeFi)
  6334 | D:5      | Killed Inarius's ghost
  6334 | D:5      | Reached skill level 6 in Fighting
  6437 | D:6      | Reached XP level 9. HP: 54/55 MP: 9/9
  6544 | D:6      | Reached skill level 10 in Short Blades
  6634 | D:6      | Found a staircase to the Ecumenical Temple.
  6749 | D:6      | XOM: 3-stop teleportation journey
  6848 | D:6      | Found a blossoming altar of Fedhas.
  6859 | D:6      | XOM: enchant monster (good)
  6868 | D:6      | XOM: divination: magic mapping
  7066 | D:6      | XOM: god gift: shortbow {god gift}
  7204 | D:7      | Found a shattered altar of Ashenzari.
  7204 | D:7      | Noticed Prince Ribbit
  7204 | D:7      | Noticed a hippogriff
  7204 | D:7      | XOM: cast spell 'Summon Horrible Things'
  7208 | D:7      | Killed a hippogriff
  7216 | D:7      | Killed Prince Ribbit
  7258 | D:7      | Noticed Pikel
  7281 | D:7      | Noticed Pikel
  7281 | D:7      | Pikel changed into Pikel the shapeshifter
  7281 | D:7      | XOM: polymorph Pikel -> Pikel the shapeshifter
  7283 | D:7      | Noticed Pikel
  7283 | D:7      | Pikel the shapeshifter changed into Pikel the rime drake
  7285 | D:7      | XOM: 1-stop teleportation journey
  7286 | D:7      | Noticed Harold
  7326 | D:7      | Killed Harold
  7326 | D:7      | Reached skill level 7 in Fighting
  7326 | D:7      | Reached XP level 10. HP: 36/63 MP: 10/10
  7326 | D:7      | XOM: give mutation
  7326 | D:7      | Gained mutation: Your flesh is cold resistant. (rC+) [Xom's
                  | grace]
  7338 | D:7      | Noticed Pikel
  7352 | D:7      | Killed Pikel the troll
  7520 | D:7      | Found a snail-covered altar of Cheibriados.
  7836 | D:7      | Reached skill level 5 in Armour
  7887 | D:7      | XOM: summons friendly quasit
  7942 | D:7      | XOM: give mutations
  7942 | D:7      | Gained mutation: Your movements are slightly less
                  | encumbered by armour. (ER -2) [Xom's grace]
  7942 | D:7      | Gained mutation: Your spells are a little harder to cast,
                  | but a little more powerful. [Xom's grace]
  8182 | D:7      | Found an iron altar of Okawaru.
  8212 | D:7      | XOM: divination: magic mapping
  8265 | D:8      | XOM: scenery: create altars
  8281 | D:8      | Found a staircase to the Lair.
  8282 | D:8      | Noticed a komodo dragon
  8354 | D:8      | XOM: butterfly on damage
  8359 | D:8      | XOM: enchant monster (good)
  8363 | D:8      | Killed a komodo dragon
  8648 | D:8      | Found a transporter.
  8686 | D:8      | Noticed a cyan very ugly thing
  8831 | D:8      | Found a transporter.
  8833 | D:8      | Noticed a cyclops
  9048 | D:8      | XOM: summons 6 friendly demons
  9051 | D:8      | XOM: confuse monster(s)
  9054 | D:8      | XOM: mild Hex miscast
  9056 | D:8      | Reached skill level 8 in Fighting
  9058 | D:8      | XOM: polymorph cyan very ugly thing -> red very ugly thing
  9077 | D:8      | Killed a red very ugly thing
  9077 | D:8      | Reached XP level 11. HP: 41/69 MP: 11/11
  9086 | D:8      | XOM: summons 1 hostile shadow creature
  9113 | D:8      | Killed a cyclops
  9126 | D:8      | Killed an unseen horror
  9141 | D:8      | Got a heavily runed helmet
  9148 | D:8      | Got a heavily runed hat
  9155 | D:8      | Identified the +1 helmet of Somewhere Else {rC+++ Str-4
                  | SInv} (You found it on level 8 of the Dungeon)
  9165 | D:8      | Identified the +3 hat of the Lotus Blossom {rF+} (You found
                  | it on level 8 of the Dungeon)
  9188 | D:8      | XOM: stat loss: -1 Int (13/14)
  9226 | D:8      | XOM: give mutations
  9226 | D:8      | Gained mutation: You are very clumsy. (Dex -4) [Xom's
                  | mischief]
  9226 | D:8      | Lost mutation: Your flesh is cold resistant. (rC+) [Xom's
                  | mischief]
  9226 | D:8      | Gained mutation: Your body often deteriorates upon taking
                  | damage. [Xom's mischief]
  9226 | D:8      | Lost mutation: You occasionally shout uncontrollably at
                  | your foes. [Xom's mischief]
  9339 | Lair:1   | Entered Level 1 of the Lair of Beasts
  9416 | Lair:1   | Reached skill level 1 in Shields
  9474 | Lair:1   | XOM: summons friendly ufetubus
  9588 | Lair:1   | XOM: enchant monster (bad)
  9596 | Lair:1   | Reached skill level 9 in Fighting
  9657 | Lair:1   | XOM: 1-stop teleportation journey
  9994 | Lair:1   | XOM: give mutations
  9994 | Lair:1   | Gained mutation: You are weak. (Str -2) [Xom's mischief]
  9994 | Lair:1   | Gained mutation: You have an increased reservoir of magic.
                  | (+10% MP) [Xom's mischief]
  9994 | Lair:1   | Lost mutation: You are weak. (Str -2) [Xom's mischief]
  9994 | Lair:1   | Gained mutation: You occasionally shout uncontrollably at
                  | your foes. [Xom's mischief]
 10188 | Lair:1   | XOM: noise
 10270 | Lair:2   | XOM: summons friendly quasit
 10292 | Lair:1   | XOM: enchant monster (bad)
 10567 | Lair:2   | XOM: divination: detect items
 10591 | Lair:2   | XOM: confuse monster(s)
 10593 | Lair:2   | XOM: destruction
 10598 | Lair:2   | Noticed a five-headed hydra
 10607 | Lair:2   | XOM: cast spell 'Shadow Creatures'
 10613 | Lair:2   | Noticed a seven-headed hydra
 10623 | Lair:2   | Noticed a satyr
 10623 | Lair:2   | a five-headed hydra changed into a satyr
 10623 | Lair:2   | XOM: polymorph five-headed hydra -> satyr
 10637 | Lair:2   | XOM: confuse monster(s)
 10643 | Lair:2   | XOM: enchant monster (good)
 10646 | Lair:2   | XOM: summons friendly white imp
 10647 | Lair:2   | XOM: confuse monster(s)
 10660 | Lair:2   | Killed a satyr
 10689 | Lair:2   | Killed a seven-headed hydra
 10689 | Lair:2   | Reached skill level 10 in Dodging
 10689 | Lair:2   | Reached XP level 12. HP: 54/76 MP: 13/13
 10913 | Lair:2   | XOM: harmless Fire miscast
 10917 | Lair:2   | XOM: cast spell 'Summon Butterflies'
 10926 | Lair:2   | XOM: cast spell 'Summon Dragon'
 11119 | Lair:2   | XOM: harmless Tmut miscast
 11255 | Lair:2   | Noticed an eight-headed hydra
 11255 | Lair:2   | XOM: god gift: 28 stones
 11271 | Lair:2   | Killed an eight-headed hydra
 11736 | Lair:3   | Found a hole to the Spider Nest.
 11747 | Lair:2   | XOM: harmless Tmut miscast
 11756 | Lair:2   | Reached skill level 5 in Shields
 11771 | Lair:2   | Reached skill level 10 in Fighting
 11961 | Lair:2   | XOM: noise
 12032 | Lair:3   | XOM: silly message
 12059 | Lair:2   | XOM: divination: magic mapping
 12066 | Lair:2   | XOM: enchant monster (good)
 12092 | Lair:3   | XOM: noise
 12171 | Lair:3   | Found a staircase to the Swamp.
 12288 | Lair:3   | XOM: 3-stop teleportation journey
 12371 | Lair:3   | XOM: divination: detect creatures
 12430 | Lair:3   | XOM: cast spell 'Ring of Flames'
 12878 | Lair:3   | XOM: medium Necr miscast
 13030 | Lair:3   | Found a runed translucent gate.
 13031 | Lair:3   | Found a runed translucent gate.
 13032 | Lair:3   | Found a runed translucent gate.
 13033 | Lair:3   | Noticed Huasawuy's ghost (journeyman TrWz)
 13033 | Lair:3   | Noticed Befuwnopp's ghost (journeyman TrHu)
 13089 | Lair:3   | XOM: harmless Erth miscast
 13094 | Lair:3   | XOM: blink monster(s)
 13523 | Lair:4   | Reached XP level 13. HP: 67/82 MP: 14/14
 13571 | Lair:4   | Noticed a five-headed hydra
 13590 | Lair:4   | XOM: summons 2 friendly demons
 13591 | Lair:4   | Killed a five-headed hydra
 13592 | Lair:4   | XOM: confuse monster(s)
 13596 | Lair:4   | Reached skill level 10 in Armour
 13605 | Lair:4   | XOM: divination: detect creatures
 13634 | Lair:4   | XOM: divination: magic mapping
 13641 | Lair:4   | XOM: enchant monster (good)
 13642 | Lair:4   | XOM: polymorph yak -> spriggan
 13655 | Lair:4   | XOM: potion effect (heal wounds)
 13740 | Lair:4   | XOM: cloud trail
 13773 | Lair:4   | XOM: cleaving
 13862 | Lair:4   | XOM: give mutations
 13862 | Lair:4   | Lost mutation: You are very clumsy. (Dex -4) [Xom's
                  | mischief]
 13862 | Lair:4   | Lost mutation: Your spells are a little harder to cast, but
                  | a little more powerful. [Xom's mischief]
 13862 | Lair:4   | Lost mutation: You occasionally shout uncontrollably at
                  | your foes. [Xom's mischief]
 13862 | Lair:4   | Lost mutation: You are clumsy. (Dex -2) [Xom's mischief]
 14016 | Lair:4   | XOM: swap monsters
 14017 | Lair:4   | XOM: summons 1 hostile demon
 14162 | Lair:5   | XOM: polymorph black mamba -> fire crab
 14173 | Lair:5   | Reached skill level 11 in Fighting
 14179 | Lair:5   | XOM: noise
 14186 | Lair:5   | XOM: silly message
 14193 | Lair:5   | XOM: enchant monster (bad)
 14201 | Lair:5   | XOM: potion effect (curing)
 14268 | Lair:5   | XOM: enchant monster (bad)
 14296 | Lair:5   | XOM: divination: detect items
 14298 | Lair:5   | XOM: cast spell 'Dispersal'
 14308 | Lair:5   | XOM: divination: detect items
 14335 | Lair:5   | XOM: enchant monster (good)
 14348 | Lair:5   | Reached skill level 12 in Fighting
 14489 | Lair:5   | XOM: 3-stop teleportation journey
 14516 | Lair:5   | XOM: severe Ice miscast
 15024 | Lair:5   | XOM: scenery: create altars
 15031 | Lair:5   | XOM: cleaving
 15036 | Lair:5   | Reached skill level 13 in Fighting
 15042 | Lair:5   | XOM: divination: detect items
 15151 | Lair:6   | Entered Level 6 of the Lair of Beasts
 15220 | Lair:6   | XOM: fog
 15237 | Lair:6   | XOM: enchant monster (good)
 15266 | Lair:6   | XOM: summons friendly quasit
 15332 | Lair:5   | XOM: medium Necr miscast
 15578 | Lair:6   | XOM: polymorph black mamba -> komodo dragon
 15589 | Lair:5   | XOM: enchant monster (good)
 15598 | Lair:5   | XOM: noise
 15708 | Lair:6   | XOM: destruction
 15715 | Lair:6   | XOM: blink monster(s)
 15715 | Lair:6   | Noticed a five-headed hydra
 15718 | Lair:6   | XOM: scenery: create altars
 15745 | Lair:6   | Killed a five-headed hydra
 15833 | Lair:6   | XOM: scenery: create altars
 15896 | Lair:6   | Reached skill level 14 in Fighting
 15899 | Lair:6   | Got a faintly humming leather armour
 15936 | Lair:6   | XOM: enchant monster (good)
 15945 | Lair:6   | XOM: summons 4 friendly demons
 15954 | Lair:6   | XOM: enchant monster (good)
 15956 | Lair:6   | XOM: enchant monster (good)
 15962 | Lair:6   | XOM: god gift: scroll labeled FEUR CATUY {god gift}
 15972 | Lair:6   | XOM: cleaving
 15992 | Lair:6   | Reached XP level 14. HP: 88/96 MP: 4/15
 16093 | Lair:6   | XOM: silly message
 16108 | Lair:6   | XOM: confuse monster(s)
 16115 | Lair:6   | XOM: divination: detect creatures
 16273 | Lair:6   | XOM: cast spell 'Disjunction'
 17067 | Lair:6   | XOM: summons 5 hostile demons
 17082 | Lair:6   | XOM: mild Pois miscast
 17144 | Lair:6   | XOM: summons 1 hostile shadow creature
 17244 | Lair:6   | XOM: scenery: create altars
 17253 | Lair:6   | XOM: destruction
 17260 | Lair:6   | XOM: scenery: create altars
 17284 | Lair:6   | Found a staircase to the Slime Pits.
 17479 | Lair:6   | XOM: polymorph fire dragon -> great orb of eyes
 17497 | Lair:6   | Reached skill level 15 in Fighting
 17522 | Lair:6   | XOM: summons friendly white imp
 17540 | Lair:6   | HP: 2/98 [poisoned by a swamp dragon (poison gas)]
 17545 | Lair:6   | HP: 1/147 [poisoned by a swamp dragon (poison gas)]
 17550 | Lair:6   | HP: 7/147 [poisoned by a swamp dragon (poison gas)]
 17555 | Lair:6   | HP: 6/147 [poisoned by a swamp dragon (poison gas)]
 17557 | Lair:6   | HP: 2/147 [poisoned by a swamp dragon (poison gas)]
 17818 | Lair:6   | XOM: cloud trail
 17868 | Lair:4   | XOM: god gift: scorched hunting sling {god gift}
 17869 | Lair:4   | Got a scorched hunting sling {god gift}
 17870 | Lair:4   | Identified the +2 hunting sling of Armageddon {chaos,
                  | +Blink} (Xom gifted it to you on level 4 of the Lair of
                  | Beasts)
 18232 | D:9      | XOM: polymorph orc -> ball python
 18340 | D:9      | Identified the cursed +0 buckler of Ryen {rN++ rCorr Dex-4}
 18380 | D:9      | Noticed rgaf's ghost (novice GrNe)
 18383 | D:9      | Found a runed translucent door.
 18572 | D:9      | Found Soemmedo's Armour Shoppe.
 18836 | D:9      | XOM: harmless Fire miscast
 18984 | D:9      | XOM: divination: detect creatures
 19226 | D:9      | XOM: enchant monster (bad)
 19261 | D:8      | XOM: confuse monster(s)
 19267 | D:8      | XOM: potion effect (brilliance)
 19279 | D:8      | XOM: potion effect (brilliance)
 19446 | D:7      | XOM: harmless Tloc miscast
 19536 | D:10     | Entered Level 10 of the Dungeon
 19603 | D:10     | Found a staircase to the Orcish Mines.
 19749 | D:10     | Noticed Grum
 19829 | D:10     | Killed Grum
 19908 | D:10     | XOM: mild Tloc miscast
 19922 | D:10     | Found a viscous altar of Jiyva.
 20496 | Orc:1    | Entered Level 1 of the Orcish Mines
 20500 | Orc:1    | Found Juggumpong's Assorted Antiques.
 20508 | Orc:1    | Bought a scroll labeled ZOCKOQ GEVUHA for 25 gold pieces
 20508 | Orc:1    | Bought a scroll of enchant weapon for 187 gold pieces
 20508 | Orc:1    | Bought a scroll of blinking for 187 gold pieces
 20508 | Orc:1    | Bought a scroll labeled LOFOFR NYHIH for 25 gold pieces
 20508 | Orc:1    | Bought a scroll of teleportation for 75 gold pieces
 20655 | Orc:1    | Noticed a stone giant
 20685 | Orc:1    | Killed a stone giant
 20697 | Orc:1    | Found a dark tunnel.
 20702 | Volcano  | Entered a volcano
 20737 | Volcano  | XOM: scenery: create altars
 20779 | Volcano  | XOM: swap monsters
 20779 | Volcano  | XOM: smoke on damage
 20785 | Volcano  | XOM: cast spell 'Call Canine Familiar'
 21131 | Volcano  | XOM: mild Erth miscast
 21372 | Orc:1    | XOM: give mutations
 21372 | Orc:1    | Gained mutation: Potions are less effective at restoring
                  | your health. [Xom's mischief]
 21372 | Orc:1    | Lost mutation: Your movements are slightly less encumbered
                  | by armour. (ER -2) [Xom's mischief]
 21407 | Orc:1    | XOM: polymorph warg -> black bear
 21415 | Orc:1    | Lost mutation: Your body often deteriorates upon taking
                  | damage. [potion of mutation]
 21415 | Orc:1    | Lost mutation: You possess an exceptional clarity of mind.
                  | [potion of mutation]
 21415 | Orc:1    | Lost mutation: Potions are less effective at restoring your
                  | health. [potion of mutation]
 21415 | Orc:1    | Lost mutation: Your body sometimes deteriorates upon taking
                  | damage. [potion of mutation]
 21415 | Orc:1    | Gained mutation: You are agile. (Dex +2) [potion of
                  | mutation]
 21415 | Orc:1    | Gained mutation: You are very agile. (Dex +4) [potion of
                  | mutation]
 21477 | Orc:1    | XOM: scenery: create altars
 21524 | Orc:1    | XOM: blink monster(s)
 21724 | Orc:1    | XOM: give mutation
 21724 | Orc:1    | Gained mutation: You are partially covered in icy blue
                  | scales. (AC +2) [Xom's grace]
 21851 | Orc:2    | Entered Level 2 of the Orcish Mines
 21851 | Orc:2    | Noticed Donald
 21862 | Orc:2    | Killed Donald
 21863 | Orc:2    | XOM: give mutations
 21863 | Orc:2    | Gained mutation: You are robust. (+10% HP) [Xom's grace]
 21863 | Orc:2    | Gained mutation: You have a beak for a mouth. [Xom's grace]
 21863 | Orc:2    | Gained mutation: Your mind is acute. (Int +2) [Xom's grace]
 21863 | Orc:2    | Gained mutation: You have sharp toenails. [Xom's grace]
 21872 | Orc:2    | XOM: god gift: 5 boomerangs
 21875 | Orc:2    | Found Narir's Magic Scroll Emporium.
 21875 | Orc:2    | Found a staircase to the Elven Halls.
 21902 | Orc:2    | XOM: cloud trail
 21913 | Orc:2    | XOM: scenery: create altars
 21929 | Orc:2    | Bought a scroll of blinking for 120 gold pieces
 21929 | Orc:2    | Bought a scroll of magic mapping for 56 gold pieces
 22072 | Orc:2    | XOM: enchant monster (good)
 22080 | Orc:2    | XOM: give mutation
 22080 | Orc:2    | Gained mutation: You have a pair of small horns on your
                  | head. [Xom's grace]
 22123 | Orc:2    | XOM: polymorph orc sorcerer -> glowing orange brain
 22155 | Orc:1    | XOM: fog
 22172 | Orc:2    | Paralysed by an orc sorcerer for 7 turns
 22188 | Orc:1    | XOM: summons friendly white imp
 22217 | Orc:2    | XOM: fog
 22222 | Orc:2    | XOM: god gift: pair of embroidered gloves {god gift}
 22317 | Orc:2    | Found a roughly hewn altar of Beogh.
 22370 | Orc:2    | XOM: god gift: iron ring {god gift}
 22380 | Orc:2    | XOM: fog
 22523 | Orc:2    | Found a roughly hewn altar of Beogh.
 22531 | Orc:2    | XOM: confuse monster(s)
 22549 | Orc:2    | Reached XP level 15. HP: 110/113 MP: 16/16
 22625 | Orc:2    | Noticed Azrael
 22655 | Orc:2    | XOM: harmless Summ miscast
 22661 | Orc:2    | XOM: mild Erth miscast
 22688 | Orc:2    | Killed Azrael
 22801 | Orc:2    | Found Lyexkea's Distillery.
 22819 | Orc:2    | Bought a potion of curing for 42 gold pieces
 22819 | Orc:2    | Bought a potion of curing for 42 gold pieces
 22819 | Orc:2    | Bought 2 potions of heal wounds for 140 gold pieces
 22819 | Orc:2    | Bought a potion of curing for 42 gold pieces
 22819 | Orc:2    | Bought a potion of haste for 140 gold pieces
 22819 | Orc:2    | Bought a potion of might for 56 gold pieces
 23062 | Orc:2    | XOM: summons friendly iron imp
 23075 | Orc:2    | XOM: confuse monster(s)
 23110 | Orc:1    | XOM: harmless Ice miscast
 23326 | Orc:2    | XOM is BORED!
 23326 | Orc:2    | XOM: noise
 23442 | Orc:2    | Found Ugiutz's Antique Weapon Emporium.
 23442 | Orc:2    | Found Mownod's Gadget Boutique.
 23444 | Orc:2    | Found Coal's Magic Scroll Emporium.
 23444 | Orc:2    | Found Vajuduxo's Antique Weapon Boutique.
 23452 | Orc:2    | Bought a scroll of blinking for 105 gold pieces
 23453 | Orc:2    | Bought a smoking long sword for 212 gold pieces
 23459 | Orc:2    | Identified the +2 long sword of Defenestration {freeze,
                  | *Contam rC+ MP-9 Int+6} (You bought it in a shop on level 2
                  | of the Orcish Mines)
 23526 | Orc:2    | Bought a twisted rapier for 225 gold pieces
 23526 | Orc:2    | Identified the +6 rapier of Valour {vamp, MR++} (You bought
                  | it in a shop on level 2 of the Orcish Mines)
 23528 | Orc:2    | Bought a scroll of teleportation for 42 gold pieces
 23528 | Orc:2    | Bought 3 scrolls of holy word for 315 gold pieces
 23528 | Orc:2    | Bought a scroll of teleportation for 42 gold pieces
 23528 | Orc:2    | Bought a scroll of teleportation for 42 gold pieces
 23923 | D:11     | Got an ichor-stained quick blade
 23924 | D:11     | Identified the +0 quick blade of the Egg {flame, rPois}
                  | (You acquired it on level 11 of the Dungeon)
 24167 | D:11     | XOM: silly message
 24189 | D:11     | Found Enkistra's Armour Shoppe.
 24351 | D:11     | XOM: divination: detect items
 24437 | D:11     | XOM: noise
 24658 | D:12     | XOM: harmless Hex miscast
 24709 | D:12     | XOM: potion effect (agility)
 24710 | D:12     | XOM: potion effect (brilliance)
 24756 | D:12     | XOM: potion effect (agility)
 24949 | D:12     | Noticed Jorgrun
 24960 | D:12     | XOM: potion effect (agility)
 24969 | D:12     | Killed Jorgrun
 25113 | D:12     | XOM: scenery: create altars
 25269 | D:12     | XOM: give mutation
 25269 | D:12     | Gained mutation: You have a somewhat thin skeletal
                  | structure. (Dex +2, Stealth) [Xom's grace]
 25561 | D:13     | XOM: scenery: 2 fountains blood, 3 doors open, 3 doors
                  | close
 25589 | D:13     | XOM: confuse monster(s)
 25600 | D:13     | XOM: scenery: 1 fountains blood, 3 doors open
 25674 | D:13     | Found a gate to the Vaults.
 25694 | D:13     | XOM: polymorph wizard -> swamp dragon
 25696 | D:13     | XOM: enchant monster (good)
 25709 | D:13     | XOM: polymorph swamp dragon -> shapeshifter
 25721 | D:13     | XOM: summons 9 friendly demons
 25733 | D:13     | XOM: give mutation
 25733 | D:13     | Gained mutation: You have sharp fingernails. [Xom's grace]
 26140 | D:13     | XOM: confuse monster(s)
 26336 | D:13     | XOM: scenery: 1 doors open, 1 doors close
 26345 | D:13     | Reached XP level 16. HP: 118/118 MP: 17/17
 26575 | D:13     | XOM: scenery: 4 doors close
 26716 | D:14     | Reached skill level 15 in Dodging
 26771 | D:14     | XOM: divine lightning
 26859 | D:14     | XOM: divine lightning
 26870 | D:14     | XOM: summons 4 friendly demons
 26874 | D:14     | XOM: cleaving
 26876 | D:14     | XOM: summons friendly quasit
 26892 | D:14     | XOM: divination: detect creatures
 26990 | D:14     | XOM: swap monsters
 27201 | D:14     | Noticed Frances
 27202 | D:14     | XOM: cleaving
 27222 | D:14     | XOM: enchant monster (good)
 27229 | D:14     | Killed Frances
 27279 | D:14     | XOM: fog
 27346 | D:15     | Entered Level 15 of the Dungeon
 27401 | D:15     | Found a runed translucent gate.
 27401 | D:15     | Found a runed translucent gate.
 27401 | D:15     | Found a runed translucent gate.
 27432 | D:15     | XOM: harmless Pois miscast
 27499 | D:15     | XOM: 1-stop teleportation journey
 27559 | D:15     | XOM: 8-stop teleportation journey
 27575 | D:15     | XOM: cleaving
 27696 | D:15     | XOM: enchant monster (bad)
 27790 | D:15     | XOM: harmless Necr miscast
 27797 | D:15     | XOM: polymorph green ugly thing -> white ugly thing
 27839 | D:15     | Noticed MuffinSoup's ghost (journeyman OpWz)
 27842 | D:15     | Found an iron altar of Okawaru.
 28006 | D:15     | XOM: enchant monster (bad)
 28033 | D:15     | XOM: enchant monster (good)
 28048 | D:15     | XOM: confuse monster(s)
 28208 | D:15     | XOM: summons friendly shadow imp
 28223 | D:15     | XOM: enchant monster (good)
 28322 | D:15     | XOM: scenery: create altars
 28384 | D:15     | Found a staircase to the Depths.
 28387 | D:15     | XOM: divination: magic mapping
 28390 | D:15     | XOM: enchant monster (good)
 28749 | D:15     | Reached skill level 1 in Evocations
 28757 | D:15     | XOM: confusion (+ monsters)
 28759 | D:15     | XOM: divination: detect items
 28762 | D:15     | XOM: enchant monster (good)
 28769 | D:15     | XOM: fake destruction
 28808 | D:15     | Killed MuffinSoup's ghost
 28851 | D:15     | XOM: harmless Fire miscast
 28940 | D:12     | XOM: divination: detect creatures
 29066 | Lair:2   | XOM: give mutations
 29066 | Lair:2   | Lost mutation: You have a pair of small horns on your head.
                  | [Xom's mischief]
 29066 | Lair:2   | Lost mutation: You are robust. (+10% HP) [Xom's mischief]
 29066 | Lair:2   | Lost mutation: You have sharp toenails. [Xom's mischief]
 29066 | Lair:2   | Gained mutation: You are frail. (-10% HP) [Xom's mischief]
 29094 | Lair:3   | XOM: harmless Tloc miscast
 29098 | Swamp:1  | Entered Level 1 of the Swamp
 29232 | Swamp:1  | XOM: give mutations
 29232 | Swamp:1  | Gained mutation: You are weak. (Str -2) [Xom's mischief]
 29232 | Swamp:1  | Lost mutation: You are very agile. (Dex +4) [Xom's
                  | mischief]
 29232 | Swamp:1  | Lost mutation: You are partially covered in icy blue
                  | scales. (AC +2) [Xom's mischief]
 29235 | Swamp:1  | Reached skill level 5 in Evocations
 29239 | Swamp:1  | XOM: polymorph spiny frog -> jumping spider
 29250 | Swamp:1  | XOM: harmless Necr miscast
 29270 | Swamp:1  | XOM: swap monsters
 29429 | Swamp:1  | Reached XP level 17. HP: 94/101 MP: 24/24
 29475 | Swamp:1  | Noticed Aizul
 29488 | Swamp:1  | XOM: swap monsters
 29495 | Swamp:1  | XOM: harmless Erth miscast
 29498 | Swamp:1  | XOM: 8-stop teleportation journey
 29616 | Swamp:1  | XOM: fake destruction
 29651 | Swamp:1  | XOM: potion effect (heal wounds)
 29933 | Swamp:1  | XOM: summons 3 hostile demons
 30201 | Swamp:1  | XOM: cleaving
 30237 | Swamp:1  | Killed Aizul
 30383 | Swamp:1  | XOM: mild Hex miscast
 30390 | Swamp:1  | XOM: divination: magic mapping
 30661 | Swamp:2  | XOM: medium Summ miscast
 31379 | Swamp:3  | XOM: cleaving
 31395 | Swamp:3  | XOM: potion effect (heal wounds)
 31403 | Swamp:3  | XOM: confusion (+ monsters)
 31405 | Swamp:3  | XOM: destruction
 31415 | Swamp:3  | XOM: enchant monster (bad)
 31545 | Swamp:3  | XOM: cleaving
 31562 | Swamp:3  | XOM: destruction
 31586 | Swamp:3  | XOM: silly message
 31591 | Swamp:3  | HP: 3/103 [shambling mangrove (10)]
 31613 | Swamp:3  | XOM: confusion (+ monsters)
 31622 | Swamp:3  | XOM: potion effect (haste)
 31623 | Swamp:3  | XOM: potion effect (heal wounds)
 31691 | Swamp:3  | Reached skill level 16 in Fighting
 31730 | Swamp:3  | XOM: cleaving
 31998 | Swamp:3  | XOM: enchant monster (bad)
 32306 | Swamp:3  | XOM: harmless Air miscast
 32459 | Swamp:4  | Entered Level 4 of the Swamp
 32460 | Swamp:4  | XOM: polymorph spiny frog -> komodo dragon
 32485 | Swamp:4  | XOM: blink monster(s)
 32497 | Swamp:3  | XOM: summons 7 friendly demons
 32629 | Swamp:4  | XOM: swap monsters
 32632 | Swamp:4  | XOM: confusion (+ monsters)
 32775 | Swamp:4  | XOM: scenery: create altars
 32835 | Swamp:4  | Reached skill level 17 in Fighting
 32857 | Swamp:4  | XOM: divine lightning
 32884 | Swamp:4  | XOM: repel stairs
 32891 | Swamp:4  | XOM: enchant monster (good)
 32906 | Swamp:4  | XOM: divination: magic mapping
 32923 | Swamp:4  | Noticed a thorn hunter
 32923 | Swamp:4  | Noticed Nikola
 32925 | Swamp:4  | XOM: summons friendly quasit
 32928 | Swamp:4  | XOM: cast spell 'Chain of Chaos'
 32963 | Swamp:4  | Noticed a thorn hunter
 32977 | Swamp:4  | XOM: 6-stop teleportation journey
 33076 | Swamp:4  | XOM: god gift: long jewelled staff {god gift}
 33089 | Swamp:4  | Noticed a thorn hunter
 33111 | Swamp:4  | XOM: enchant monster (good)
 33129 | Swamp:4  | XOM: cleaving
 33130 | Swamp:4  | Killed a thorn hunter
 33130 | Swamp:4  | XOM: potion effect (invisibility)
 33152 | Swamp:4  | XOM: divination: detect creatures
 33197 | Swamp:4  | XOM: potion effect (berserk rage)
 33206 | Swamp:4  | Killed a thorn hunter
 33255 | Swamp:4  | XOM: noise
 33256 | Swamp:4  | Reached skill level 18 in Fighting
 33264 | Swamp:4  | Reached XP level 18. HP: 112/112 MP: 27/27
 33270 | Swamp:4  | XOM: mild Tloc miscast
 33279 | Swamp:4  | XOM: enchant monster (bad)
 33283 | Swamp:4  | XOM: give mutations
 33283 | Swamp:4  | Gained mutation: You are resistant to hostile enchantments.
                  | (MR+) [Xom's mischief]
 33283 | Swamp:4  | Lost mutation: Your mind is acute. (Int +2) [Xom's
                  | mischief]
 33283 | Swamp:4  | Lost mutation: You are weak. (Str -2) [Xom's mischief]
 33283 | Swamp:4  | Lost mutation: You have a beak for a mouth. [Xom's
                  | mischief]
 33306 | Swamp:4  | XOM: confusion
 33310 | Swamp:4  | XOM: harmless Tloc miscast
 33312 | Swamp:4  | XOM: harmless Fire miscast
 33337 | Swamp:4  | XOM: summons 4 hostile shadow creatures
 33342 | Swamp:4  | XOM: harmless Necr miscast
 33356 | Swamp:4  | XOM: mild Summ miscast
 33359 | Swamp:4  | Killed from afar by a thorn hunter

Levels and vault maps discovered:
D:1:      wander_arrival_fairy_ring, layout_basic, minmay_fountain_box
D:2:      layout_loops_corners, lemuel_doored_altar, lemuel_round_altar
D:3:      layout_basic, grunt_temple_overflow_growth_and_decay,
          kb_xom_exploding_sheep, nicolae_gozag_seed_capital, minmay_cut_off
D:4:      layout_rooms, gup_sewer_entry_bubbles, nrook_campfire
D:5:      layout_gridville, first_ration, ebering_ghost_disaster_area
D:6:      corexii_shack_village, layout_basic, minmay_temple_entry_antechambers,
          fedhas_bush_and_centaur_altar
D:7:      layout_basic, chequers_temple_overflow_statue_of_worship,
          ashenzari_conservatory_becter, uniq_pikel, uniq_prince_ribbit1,
          uniq_harold
D:8:      gammafunk_the_bubble [the_bubble_gammafunk_crates], layout_cave_pools,
          david_lair_shrubbed
D:9:      layout_basic, serial_shops, shop_statue,
          hellmonk_ghost_happy_afterlife
D:10:     layout_long_grid, jiyva_altar_1, uniq_grum
D:11:     layout_roguey, serial_shops, shop, hangedman_ranch
          [blue_anna_fruit_fields]
D:12:     layout_basic, minmay_beelzebubs_servants, uniq_jorgrun
D:13:     layout_stronghold, grunt_vaults_entry_tiered
D:14:     layout_cave_pools, uniq_frances
D:15:     gammafunk_enter_depths_forms, layout_loops_ring, columned_hall_lemuel,
          gammafunk_ghost_fury_of_okawaru
Lair:1:   layout_roguey, chequers_serial_rivers_marsh, st_stairs_12,
          grunt_megastairs_1
Lair:2:   layout_gridlike
Lair:3:   layout_hall_layers, swamp_mist_pool,
          nicolae_spider_entry_tight_spaces, gammafunk_ghost_cemetery,
          grunt_forest_large_clearing_hut
Lair:4:   layout_roguey, serial_bayou_shore_b, lemuel_fruit_fields,
          serial_bayou_shore_b, serial_bayou_shore_a
Lair:5:   layout_roguey
Lair:6:   guppyfry_lair_end_dragon, layout_concentric_octagons,
          minmay_slime_entry_eyes, dpeg_oklob_1
Swamp:1:  layout_basic_swamp, evilmike_swamp_ruin_house_5, uniq_aizul
Swamp:2:  layout_falls_marsh, evilmike_swamp_ruin_house_3, swamp_pool1
Swamp:3:  layout_falls_marsh, evilmike_swamp_ruin_house_4, swamp_pool5
Swamp:4:  swamp_alternative, layout_basic_swamp, swamp_pool4, uniq_nikola
Orc:1:    cheibrodos_orc_guarddog, layout_diamond_mine, enter_volcano_4,
          serial_shops, nicolae_shop_crystal
Orc:2:    grunt_orc_tribal_feast, layout_diamond_mine, serial_shops, shop,
          nicolae_shop_waterfront, basic_altar, mines1_david, uniq_donald,
          uniq_azrael

Skill      XL: |  1  2  3  4  5  6  7  8  9 10 11 12 13 14 15 16 17 |
---------------+----------------------------------------------------+-----
Dodging        | 3 4 5 6 7 8 10 12 14 16 | 16.2
Short Blades   | 5 6 7 8 9 11 13 | 13.6
Armour         | 1 2 3 4 5 6 9 10 11 12 13 | 13.6
Fighting       | 4 5 6 7 8 9 10 14 15 18 | 18.2
Shields        | 4 5 |  5.6
Evocations     | 6 9 |  9.0

Action                   |  1- 3 |  4- 6 |  7- 9 | 10-12 | 13-15 | 16-18 || total
-------------------------+-------+-------+-------+-------+-------+-------++-------
Melee: Short sword       |    99 |   296 |   471 |   840 |  1992 |       ||  3698
       Peck              |       |       |       |       |   284 |   555 ||   839
       Headbutt          |       |       |       |       |   274 |   249 ||   523
       Rapier            |       |       |       |       |   569 |  1905 ||  2474
       Quick blade       |       |       |       |       |       |   157 ||   157
Throw: Dart              |       |       |       |       |     3 |       ||     3
       Throwing net      |       |       |       |       |     1 |       ||     1
Evoke: Wand              |       |       |     2 |     7 |     9 |     4 ||    22
  Use: Scroll            |     3 |     9 |     6 |     2 |    27 |    12 ||    59
       Potion            |       |       |     5 |     1 |    13 |     7 ||    26
 Stab: Confused          |       |     1 |     1 |    10 |    13 |     9 ||    34
       Paralysed         |       |       |     1 |     4 |     1 |       ||     6
       Petrified         |       |       |       |     3 |     2 |     1 ||     6
       Betrayed ally     |       |       |       |     1 |       |       ||     1
       Distracted        |       |       |       |       |     1 |     2 ||     3
       Held in net/web   |       |       |       |       |     2 |       ||     2
       Invisible         |       |       |       |       |       |    21 ||    21
       Petrifying        |       |       |       |       |       |     2 ||     2
  Eat: Chunk             |    10 |     7 |    12 |    20 |    43 |    19 ||   111
       Ration            |       |       |       |       |     1 |     3 ||     4
Armor: Leather armour    |     8 |       |       |       |       |       ||     8
       Pearl dragon scal |    30 |   104 |   219 |   246 |   504 |   525 ||  1628
       Skin              |       |       |       |       |       |    17 ||    17
Dodge: Dodged            |    55 |   126 |   256 |   364 |  1054 |  1393 ||  3248
Block: Buckler           |       |       |       |   126 |   675 |   684 ||  1485
